Philadelphia Phantoms vs Cape Breton Oilers
Created - Monday, May 15, 2023 at 07:00
Goals
|
| Philadelphia Phantoms |
2 |
4 |
2 |
8 |
| Cape Breton Oilers |
1 |
1 |
1 |
3 |
|
Shots
|
| Philadelphia Phantoms |
16 |
16 |
8 |
40 |
| Cape Breton Oilers |
15 |
13 |
4 |
32 |
|
1st period
1. Philadelphia Phantoms , Alexander Holtz 28 (Mason Shaw 13) at 2:32 (PP)
2. Cape Breton Oilers , Carl Grundstrom 30 (Alexandre Texier 10) at 7:14 (PP)
3. Philadelphia Phantoms , Tyson Foerster 9 (William Borgen 7, Ben McCartney 4) at 9:05
Penalties :
Kody Clark (CBO) for High sticking (Minor) at 2:25, Ben McCartney (PHI) for Slashing (Minor) at 7:13, Parker Kelly (CBO) for Fighting (Major) at 7:20, Brett Murray (PHI) for Fighting (Major) at 7:20, Nathan Bastian (PHI) for Tripping (Minor) at 14:42
2nd period
4. Philadelphia Phantoms , Jaret Anderson-Dolan 25 (Nick Cousins 39) at 0:22 (PP)
5. Cape Breton Oilers , Carl Grundstrom 31 (Alexandre Texier 11, Parker Kelly 19) at 0:52
6. Philadelphia Phantoms , Tyson Foerster 10 (Erik Gustafsson 19, Mason Shaw 14) at 2:24 (PP)
7. Philadelphia Phantoms , Mason Shaw 11 (Brett Murray 12, Alexander Holtz 26) at 8:23
8. Philadelphia Phantoms , Otto Koivula 12 (Matt Luff 5) at 15:30
Penalties :
Marcus Pettersson (CBO) for Hooking (Minor) at 0:09, Will Cuylle (CBO) for Holding (Minor) at 1:39, Juuso Valimaki (PHI) for Holding (Minor) at 11:24, Jonah Gadjovich (CBO) for Fighting (Major) at 16:25, Brett Murray (PHI) for Fighting (Major) at 16:25, Jaret Anderson-Dolan (PHI) for Roughing (Minor) at 17:58
3rd period
9. Philadelphia Phantoms , Matt Luff 7 (Brad Hunt 23) at 3:00
10. Cape Breton Oilers , Alexandre Texier 6 (Marcus Pettersson 29, Kevin Bahl 15) at 13:15
11. Philadelphia Phantoms , Nick Cousins 34 (Jaret Anderson-Dolan 31) at 17:46
Penalties :
Kevin Bahl (CBO) for High sticking (Minor) at 0:27, Parker Kelly (CBO) for Hooking (Minor) at 4:28, Parker Kelly (CBO) for Fighting (Major) at 11:52, Nick Cousins (PHI) for Fighting (Major) at 11:52, Jonah Gadjovich (CBO) for Fighting (Major) at 12:59, Nathan Bastian (PHI) for Fighting (Major) at 12:59
Goalie Stats
Dereck Baribeau (PHI), 29 saves from 32 shots - (0.906), W, 13-6-1, 60:00 minutes
Matthew Villalta (CBO), 32 saves from 40 shots - (0.800), L, 10-17-4, 60:00 minutes
Players Stats for Philadelphia Phantoms
Player Name G A P +/- PIM S H SB GA TA FO MP PP MP PK MP
------------------------------------------------------------------------------------
Alex Steeves 0 0 0 2 0 3 1 0 0 0 16/23 15:34 0:06 2:50
Alexander Holtz 1 1 2 1 0 3 0 1 1 0 0/0 14:55 2:37 0:00
Ben McCartney 0 1 1 1 2 4 0 1 0 0 1/2 12:43 0:03 0:00
Brad Hunt 0 1 1 4 0 0 0 3 0 1 0/0 19:35 2:33 0:00
Brett Murray 0 1 1 1 10 0 1 1 0 0 0/1 9:20 0:00 0:00
Casey Fitzgerald 0 0 0 0 0 2 2 1 0 0 0/0 17:44 0:00 3:00
Derrick Pouliot 0 0 0 -1 0 1 0 2 0 0 0/0 22:49 2:30 3:34
Erik Gustafsson 0 1 1 0 0 3 2 1 0 0 0/0 21:14 2:33 0:46
Jack McBain 0 0 0 0 0 6 1 2 0 1 5/8 17:19 0:00 3:05
Jaret Anderson-Dolan 1 1 2 -1 2 3 1 0 0 0 10/14 14:31 2:20 0:03
Juuso Valimaki 0 0 0 0 2 0 0 1 1 0 0/0 19:16 2:30 1:38
Mason Shaw 1 2 3 1 0 3 3 0 0 0 7/15 14:39 2:37 0:00
Matt Luff 1 1 2 1 0 1 4 1 1 0 0/0 17:09 0:33 2:59
Nathan Bastian 0 0 0 0 7 2 1 0 0 0 0/0 13:15 2:20 0:09
Nick Cousins 1 1 2 0 5 2 1 0 2 1 0/1 14:33 2:20 0:00
Otto Koivula 1 0 1 2 0 3 0 0 1 1 1/2 15:54 0:00 2:50
Tyson Foerster 2 0 2 1 0 4 2 0 0 0 0/0 13:47 2:13 0:00
William Borgen 0 1 1 3 0 0 1 3 0 0 0/0 19:37 0:00 2:58
Players Stats for Cape Breton Oilers
Player Name G A P +/- PIM S H SB GA TA FO MP PP MP PK MP
------------------------------------------------------------------------------------
Alexandre Texier 1 2 3 1 0 4 3 2 1 0 12/31 24:53 3:17 2:29
Alexey Toropchenko 0 0 0 -1 0 5 1 0 0 1 2/3 20:09 2:41 2:08
Brandon Gignac 0 0 0 -1 0 3 1 1 0 1 3/11 17:49 2:41 0:03
Carl Grundstrom 2 0 2 1 0 4 0 0 1 1 3/7 20:39 3:17 2:08
Dylan McIlrath 0 0 0 -2 0 2 0 1 0 1 0/0 14:26 0:00 0:49
Hudson Fasching 0 0 0 -3 0 4 1 0 0 0 0/0 13:05 0:00 0:00
J.D. Greenway 0 0 0 -1 0 0 0 0 0 0 0/0 5:49 0:00 0:00
Jonah Gadjovich 0 0 0 -1 10 2 3 1 0 0 0/0 14:55 2:00 0:11
Kevin Bahl 0 1 1 2 2 0 1 0 0 0 0/0 18:52 3:00 1:40
Kody Clark 0 0 0 -3 2 1 2 2 0 0 3/8 16:55 0:00 0:00
Leon Gawanke 0 0 0 -1 0 1 1 0 0 1 0/0 13:03 0:00 0:00
Luke Evangelista 0 0 0 0 0 0 0 0 0 0 3/4 7:40 0:41 0:00
Marcus Pettersson 0 1 1 0 2 1 1 3 0 0 0/0 25:59 3:00 2:29
Max Jones 0 0 0 0 0 0 1 0 0 0 0/1 7:38 0:00 0:48
Parker Kelly 0 1 1 1 12 2 1 1 0 0 0/1 17:36 3:17 1:38
Philip Broberg 0 0 0 -2 0 1 1 3 1 0 0/0 20:57 2:58 2:34
Vladislav Kolyachonok 0 0 0 -2 0 2 1 1 0 1 0/0 20:57 2:58 2:34
Will Cuylle 0 0 0 -3 2 0 0 0 1 0 0/0 13:37 0:00 0:52
3 Stars
1 - Mason Shaw (PHI)
2 - Tyson Foerster (PHI)
3 - Matt Luff (PHI)
Power Play
Philadelphia Phantoms - 3 on 5 Attempt(s) - 60.00%
Cape Breton Oilers - 1 on 4 Attempt(s) - 25.00%
Penalty Kill
Philadelphia Phantoms - 3 on 4 Attempt(s) - 75.00%
- Score 0 goal in Penalty Kill
Cape Breton Oilers - 2 on 5 Attempt(s) - 40.00%
- Score 0 goal in Penalty Kill
Team Stat
Philadelphia Phantoms - Hits : 20 - Faceoff Wins : 40 - Blocked Shots : 17 - Penalty Minutes : 28
Cape Breton Oilers - Hits : 18 - Faceoff Wins : 26 - Blocked Shots : 15 - Penalty Minutes : 30
Official
Referees : Dan O'Rourke and Jon Mclsaac
Linesman : Lonnie Cameron and Jay Sharrers
Game Notes
Parker Kelly beats up Brett Murray at 7:20 of 1st period
Jonah Gadjovich and Brett Murray fight to a draw at 16:25 of 2nd period
Parker Kelly beats up Nick Cousins at 11:52 of 3rd period
Nathan Bastian beats up Jonah Gadjovich at 12:59 of 3rd period
Philadelphia Phantoms
5 vs 5 Forward
Center Left Wing Right Wing Time % Phy DF OF
1 Jaret Anderson-Dolan Nick Cousins Nathan Bastian 25 0 3 2
2 Mason Shaw Brett Murray Alexander Holtz 25 0 3 2
3 Jack McBain Ben McCartney Tyson Foerster 25 0 3 2
4 Alex Steeves Otto Koivula Matt Luff 25 0 3 2
5 vs 5 Defense
Defense Defense Time % Phy DF OF
1 Erik Gustafsson Derrick Pouliot 35 0 3 2
2 Brad Hunt William Borgen 35 0 3 2
3 Juuso Valimaki Casey Fitzgerald 30 0 3 2
4 Erik Gustafsson Derrick Pouliot 0 0 3 2
PowerPlay Forward
Center Left Wing Right Wing Time % Phy DF OF
1 Jaret Anderson-Dolan Nick Cousins Nathan Bastian 50 0 1 4
2 Mason Shaw Tyson Foerster Alexander Holtz 50 0 1 4
PowerPlay Defense
Defense Defense Time % Phy DF OF
1 Erik Gustafsson Brad Hunt 50 0 1 4
2 Derrick Pouliot Juuso Valimaki 50 0 1 4
Penalty Kill 4 Players Forward
Center Wing Time % Phy DF OF
1 Jack McBain Matt Luff 50 0 4 1
2 Alex Steeves Otto Koivula 50 0 4 1
Penalty Kill 4 Players Defense
Defense Defense Time % Phy DF OF
1 Derrick Pouliot William Borgen 50 0 4 1
2 Juuso Valimaki Casey Fitzgerald 50 0 4 1
Penalty Kill - 3 Players Forward
Forward Time % Phy DF OF
1 Jack McBain 50 0 5 0
2 Matt Luff 50 0 5 0
Penalty Kill - 3 Players Defense
Defense Defense Time % Phy DF OF
1 Derrick Pouliot William Borgen 55 0 5 0
2 Juuso Valimaki Casey Fitzgerald 45 0 5 0
4 vs 4 Forward
Center Wing Time % Phy DF OF
1 Jaret Anderson-Dolan Nick Cousins 50 0 3 2
2 Mason Shaw Nathan Bastian 50 0 3 2
4 vs 4 Defense
Defense Defense Time % Phy DF OF
1 Erik Gustafsson Derrick Pouliot 50 0 3 2
2 Brad Hunt William Borgen 50 0 3 2
Last Minutes Offensive
Center Left Wing Right Wing Defense Defense
Jaret Anderson-Dolan Nick Cousins Nathan Bastian Erik Gustafsson Brad Hunt
Last Minutes Defensive
Center Left Wing Right Wing Defense Defense
Jack McBain Matt Luff Alexander Holtz Derrick Pouliot William Borgen
Goaltenders
Starting : Dereck Baribeau
Backup : Connor Ingram
Extra Forwards
Normal : Nick Cousins, Jack McBain, Jaret Anderson-Dolan - PP : Matt Luff, Nick Cousins - PK : Nathan Bastian
Extra Defensemen
Normal : Derrick Pouliot, Erik Gustafsson, William Borgen - PP : Derrick Pouliot - PK : Juuso Valimaki, Derrick Pouliot
Penalty Shots
Nick Cousins, Jack McBain, Jaret Anderson-Dolan, Matt Luff, Nathan Bastian
Cape Breton Oilers
5 vs 5 Forward
Center Left Wing Right Wing Time % Phy DF OF
1 Alexandre Texier Carl Grundstrom Parker Kelly 30 1 2 2
2 Brandon Gignac Jonah Gadjovich Alexey Toropchenko 30 1 2 2
3 Kody Clark Will Cuylle Hudson Fasching 25 1 2 2
4 Alexandre Texier Max Jones Kody Clark 15 1 2 2
5 vs 5 Defense
Defense Defense Time % Phy DF OF
1 Marcus Pettersson Kevin Bahl 30 1 2 2
2 Vladislav Kolyachonok Philip Broberg 30 1 2 2
3 Leon Gawanke Dylan McIlrath 25 1 2 2
4 J.D. Greenway Marcus Pettersson 15 1 2 2
PowerPlay Forward
Center Left Wing Right Wing Time % Phy DF OF
1 Alexandre Texier Carl Grundstrom Parker Kelly 50 1 2 2
2 Brandon Gignac Jonah Gadjovich Alexey Toropchenko 50 1 2 2
PowerPlay Defense
Defense Defense Time % Phy DF OF
1 Marcus Pettersson Kevin Bahl 50 1 2 2
2 Vladislav Kolyachonok Philip Broberg 50 1 2 2
Penalty Kill 4 Players Forward
Center Wing Time % Phy DF OF
1 Alexandre Texier Parker Kelly 50 1 2 2
2 Carl Grundstrom Alexey Toropchenko 50 1 2 2
Penalty Kill 4 Players Defense
Defense Defense Time % Phy DF OF
1 Marcus Pettersson Kevin Bahl 50 1 2 2
2 Vladislav Kolyachonok Philip Broberg 50 1 2 2
Penalty Kill - 3 Players Forward
Forward Time % Phy DF OF
1 Alexandre Texier 50 1 2 2
2 Parker Kelly 50 1 2 2
Penalty Kill - 3 Players Defense
Defense Defense Time % Phy DF OF
1 Marcus Pettersson Kevin Bahl 50 1 2 2
2 Vladislav Kolyachonok Philip Broberg 50 1 2 2
4 vs 4 Forward
Center Wing Time % Phy DF OF
1 Alexandre Texier Parker Kelly 50 1 2 2
2 Carl Grundstrom Alexey Toropchenko 50 1 2 2
4 vs 4 Defense
Defense Defense Time % Phy DF OF
1 Marcus Pettersson Kevin Bahl 50 1 2 2
2 Vladislav Kolyachonok Philip Broberg 50 1 2 2
Last Minutes Offensive
Center Left Wing Right Wing Defense Defense
Alexandre Texier Carl Grundstrom Parker Kelly Marcus Pettersson Kevin Bahl
Last Minutes Defensive
Center Left Wing Right Wing Defense Defense
Alexandre Texier Carl Grundstrom Parker Kelly Marcus Pettersson Kevin Bahl
Goaltenders
Starting : Matthew Villalta
Backup : Jack LaFontaine
Extra Forwards
Normal : Luke Evangelista, Hudson Fasching, Will Cuylle - PP : Luke Evangelista, Hudson Fasching - PK : Will Cuylle
Extra Defensemen
Normal : Leon Gawanke, Dylan McIlrath, J.D. Greenway - PP : Leon Gawanke - PK : Dylan McIlrath, J.D. Greenway
Penalty Shots
Alexandre Texier, Parker Kelly, Carl Grundstrom, Alexey Toropchenko, Brandon Gignac
% Time on Ice - Philadelphia Phantoms
Lines # - Real PCT - Wanted PCT - Time Play
Normal Forward
1 - 28% - 25% - 13:49
2 - 24% - 25% - 11:42
3 - 24% - 25% - 11:44
4 - 24% - 25% - 11:44
Normal Defense
1 - 36% - 35% - 17:29
2 - 35% - 35% - 17:11
3 - 29% - 30% - 14:19
4 - 0% - 0% - 0:00
PP Forward
1 - 48% - 50% - 2:26
2 - 52% - 50% - 2:37
PP Defense
1 - 50% - 50% - 2:33
2 - 50% - 50% - 2:30
PK Forward
1 - 52% - 50% - 3:05
2 - 48% - 50% - 2:53
PK Defense
1 - 50% - 50% - 2:58
2 - 50% - 50% - 3:00
PK3 Forward
1 - 0% - 50%
2 - 0% - 50%
PK3 Defense
1 - 0% - 55%
2 - 0% - 45%
44 Forward
1 - 0% - 50%
2 - 0% - 50%
44 Defense
1 - 0% - 50%
2 - 0% - 50%
Last Minute Offensive - 0:00
Last Minute Defensive - 0:00
Total
Forward - 60:00
Defense - 60:00
|
% Time on Ice - Cape Breton Oilers
Lines # - Real PCT - Wanted PCT - Time Play
Normal Forward
1 - 31% - 30% - 15:03
2 - 31% - 30% - 15:23
3 - 26% - 25% - 12:37
4 - 12% - 15% - 5:56
Normal Defense
1 - 30% - 30% - 14:42
2 - 31% - 30% - 15:25
3 - 27% - 25% - 13:03
4 - 12% - 15% - 5:49
PP Forward
1 - 55% - 50% - 3:17
2 - 45% - 50% - 2:41
PP Defense
1 - 50% - 50% - 3:00
2 - 50% - 50% - 2:58
PK Forward
1 - 58% - 50% - 2:55
2 - 42% - 50% - 2:08
PK Defense
1 - 49% - 50% - 2:29
2 - 51% - 50% - 2:34
PK3 Forward
1 - 0% - 50%
2 - 0% - 50%
PK3 Defense
1 - 0% - 50%
2 - 0% - 50%
44 Forward
1 - 0% - 50%
2 - 0% - 50%
44 Defense
1 - 0% - 50%
2 - 0% - 50%
Last Minute Offensive - 0:00
Last Minute Defensive - 0:00
Total
Forward - 60:00
Defense - 60:00
|
Play-by-Play
1st period
0:01 of 1st period - Jaret Anderson-Dolan wins face-off versus Alexandre Texier in neutral zone.
0:10 of 1st period - Wrist shot by Jaret Anderson-Dolan.
0:10 of 1st period - Shot Misses the Net.
1:11 of 1st period - Snap shot by Jaret Anderson-Dolan.
1:11 of 1st period - Shot Blocked by Philip Broberg.
1:27 of 1st period - Slapshot by Nathan Bastian.
1:27 of 1st period - Shot Misses the Net.
2:20 of 1st period - Wrist shot by Jack McBain.
2:20 of 1st period - Stopped by Matthew Villalta with a rebound.
2:22 of 1st period - Wrist shot by Jack McBain.
2:22 of 1st period - Deflect By Ben McCartney.
2:22 of 1st period - Shot Misses the Net.
2:22 of 1st period - Puck is out of play.
2:23 of 1st period - Kody Clark wins face-off versus Alex Steeves in Cape Breton Oilers zone.
2:25 of 1st period - Minor Penalty to Kody Clark for High sticking.
2:26 of 1st period - Mason Shaw wins face-off versus Alexandre Texier in Cape Breton Oilers zone.
2:28 of 1st period - Snap shot by Alexander Holtz.
2:28 of 1st period - Shot Blocked by Marcus Pettersson.
2:30 of 1st period - Slapshot by Alexander Holtz.
2:30 of 1st period - Shot Misses the Net.
2:32 of 1st period - Snap shot by Alexander Holtz.
2:32 of 1st period - Goal by Alexander Holtz - Philadelphia Phantoms : 1 - Cape Breton Oilers : 0.
2:33 of 1st period - Alex Steeves wins face-off versus Alexandre Texier in neutral zone.
2:38 of 1st period - Wrist shot by Otto Koivula.
2:38 of 1st period - Stopped by Matthew Villalta with a rebound.
2:40 of 1st period - Slapshot by Alex Steeves.
2:40 of 1st period - Stopped by Matthew Villalta with a rebound.
2:58 of 1st period - Juuso Valimaki is hit by Alexey Toropchenko and loses puck.
3:03 of 1st period - Snap shot by Brandon Gignac.
3:03 of 1st period - Shot Misses the Net.
3:23 of 1st period - Wrist shot by Carl Grundstrom.
3:23 of 1st period - Stopped by Dereck Baribeau with a rebound.
4:11 of 1st period - Snap shot by Nathan Bastian.
4:11 of 1st period - Stopped by Matthew Villalta with a rebound.
5:05 of 1st period - Snap shot by Ben McCartney.
5:05 of 1st period - Shot Blocked by Kody Clark.
5:07 of 1st period - Snap shot by Jack McBain.
5:07 of 1st period - Shot Misses the Net.
5:39 of 1st period - Brandon Gignac is hit by William Borgen and loses puck.
5:48 of 1st period - Wrist shot by Alex Steeves.
5:48 of 1st period - Shot Misses the Net.
5:50 of 1st period - Snap shot by Matt Luff.
5:50 of 1st period - Shot Misses the Net.
7:13 of 1st period - Minor Penalty to Ben McCartney for Slashing.
7:14 of 1st period - Alexandre Texier wins face-off versus Jack McBain in Philadelphia Phantoms zone.
7:14 of 1st period - Wrist shot by Carl Grundstrom.
7:14 of 1st period - Goal by Carl Grundstrom - Philadelphia Phantoms : 1 - Cape Breton Oilers : 1.
7:15 of 1st period - Mason Shaw wins face-off versus Alexandre Texier in neutral zone.
7:20 of 1st period - Parker Kelly beats up Brett Murray.
7:20 of 1st period - Penalty to Parker Kelly for Fighting.
7:20 of 1st period - Penalty to Brett Murray for Fighting.
7:21 of 1st period - Alex Steeves wins face-off versus Alexandre Texier in neutral zone.
7:26 of 1st period - Marcus Pettersson is hit by Matt Luff and loses puck.
8:06 of 1st period - Wrist shot by Kody Clark.
8:06 of 1st period - Shot Blocked by Ben McCartney.
8:10 of 1st period - Snap shot by Hudson Fasching.
8:10 of 1st period - Shot Misses the Net.
8:29 of 1st period - Slapshot by Carl Grundstrom.
8:29 of 1st period - Shot Blocked by Juuso Valimaki.
8:39 of 1st period - Wrist shot by Nick Cousins.
8:39 of 1st period - Shot Misses the Net.
8:57 of 1st period - Wrist shot by Jack McBain.
8:57 of 1st period - Shot Blocked by Kody Clark.
8:59 of 1st period - Wrist shot by Jack McBain.
8:59 of 1st period - Stopped by Matthew Villalta without a rebound.
9:00 of 1st period - Jack McBain wins face-off versus Alexandre Texier in Cape Breton Oilers zone.
9:03 of 1st period - Slapshot by Ben McCartney.
9:03 of 1st period - Stopped by Matthew Villalta with a rebound.
9:05 of 1st period - Slapshot by William Borgen.
9:05 of 1st period - Deflect By Tyson Foerster.
9:05 of 1st period - Goal by Tyson Foerster - Philadelphia Phantoms : 2 - Cape Breton Oilers : 1.
9:06 of 1st period - Alex Steeves wins face-off versus Kody Clark in neutral zone.
9:11 of 1st period - Marcus Pettersson is hit by Matt Luff and loses puck.
9:37 of 1st period - Mason Shaw is hit by Hudson Fasching and loses puck.
9:54 of 1st period - Backhand shot by Ben McCartney.
9:54 of 1st period - Stopped by Matthew Villalta with a rebound.
10:02 of 1st period - Snap shot by Carl Grundstrom.
10:02 of 1st period - Stopped by Dereck Baribeau without a rebound.
10:03 of 1st period - Alex Steeves wins face-off versus Brandon Gignac in Philadelphia Phantoms zone.
10:03 of 1st period - Alex Steeves is hit by Jonah Gadjovich.
10:47 of 1st period - Icing by Kody Clark.
10:48 of 1st period - Alexandre Texier wins face-off versus Mason Shaw in Cape Breton Oilers zone.
11:17 of 1st period - Snap shot by Tyson Foerster.
11:17 of 1st period - Stopped by Matthew Villalta with a rebound.
11:19 of 1st period - Slapshot by Erik Gustafsson.
11:19 of 1st period - Stopped by Matthew Villalta with a rebound.
11:21 of 1st period - Slapshot by Tyson Foerster.
11:21 of 1st period - Shot Blocked by Vladislav Kolyachonok.
11:37 of 1st period - Snap shot by Alexandre Texier.
11:37 of 1st period - Stopped by Dereck Baribeau with a rebound.
12:09 of 1st period - Wrist shot by Alexandre Texier.
12:09 of 1st period - Deflect By Kody Clark.
12:09 of 1st period - Stopped by Dereck Baribeau with a rebound.
12:11 of 1st period - Snap shot by Alexandre Texier.
12:11 of 1st period - Shot Blocked by Derrick Pouliot.
12:13 of 1st period - Snap shot by Kody Clark.
12:13 of 1st period - Shot Blocked by Derrick Pouliot.
12:15 of 1st period - Slapshot by Alexandre Texier.
12:15 of 1st period - Stopped by Dereck Baribeau with a rebound.
12:17 of 1st period - Slapshot by Vladislav Kolyachonok.
12:17 of 1st period - Stopped by Dereck Baribeau with a rebound.
12:19 of 1st period - Snap shot by Kody Clark.
12:19 of 1st period - Shot Misses the Net.
12:21 of 1st period - Wrist shot by Alexandre Texier.
12:21 of 1st period - Shot Blocked by Alexander Holtz.
12:23 of 1st period - Snap shot by Alexandre Texier.
12:23 of 1st period - Stopped by Dereck Baribeau with a rebound.
12:25 of 1st period - Snap shot by Kody Clark.
12:25 of 1st period - Deflect By Alexandre Texier.
12:25 of 1st period - Shot Hit the Post.
12:25 of 1st period - Puck is out of play.
12:26 of 1st period - Alex Steeves wins face-off versus Brandon Gignac in Philadelphia Phantoms zone.
12:26 of 1st period - Alex Steeves is hit by Jonah Gadjovich.
12:42 of 1st period - Snap shot by Alexey Toropchenko.
12:42 of 1st period - Stopped by Dereck Baribeau with a rebound.
12:52 of 1st period - Jonah Gadjovich is hit by Mason Shaw and loses puck.
13:21 of 1st period - Snap shot by Carl Grundstrom.
13:21 of 1st period - Shot Blocked by Casey Fitzgerald.
13:23 of 1st period - Slapshot by Carl Grundstrom.
13:23 of 1st period - Shot Misses the Net.
13:44 of 1st period - Jonah Gadjovich is hit by Matt Luff and loses puck.
13:56 of 1st period - Off-side.
13:57 of 1st period - Luke Evangelista wins face-off versus Mason Shaw in neutral zone.
14:00 of 1st period - Slapshot by Leon Gawanke.
14:00 of 1st period - Stopped by Dereck Baribeau without a rebound.
14:01 of 1st period - Luke Evangelista wins face-off versus Mason Shaw in Philadelphia Phantoms zone.
14:12 of 1st period - Wrist shot by Hudson Fasching.
14:12 of 1st period - Stopped by Dereck Baribeau with a rebound.
14:26 of 1st period - Wrist shot by Jack McBain.
14:26 of 1st period - Shot Blocked by Brandon Gignac.
14:28 of 1st period - Snap shot by Ben McCartney.
14:28 of 1st period - Shot Blocked by Dylan McIlrath.
14:30 of 1st period - Backhand shot by Ben McCartney.
14:30 of 1st period - Deflect By Alexey Toropchenko.
14:30 of 1st period - Stopped by Matthew Villalta with a rebound.
14:32 of 1st period - Snap shot by Jack McBain.
14:32 of 1st period - Stopped by Matthew Villalta without a rebound.
14:33 of 1st period - Alexandre Texier wins face-off versus Nick Cousins in Cape Breton Oilers zone.
14:33 of 1st period - Alexandre Texier is hit by Jaret Anderson-Dolan.
14:42 of 1st period - Minor Penalty to Nathan Bastian for Tripping.
14:43 of 1st period - Alex Steeves wins face-off versus Brandon Gignac in Philadelphia Phantoms zone.
14:53 of 1st period - Slapshot by Jonah Gadjovich.
14:53 of 1st period - Stopped by Dereck Baribeau with a rebound.
14:55 of 1st period - Slapshot by Alexey Toropchenko.
14:55 of 1st period - Shot Blocked by Matt Luff.
14:57 of 1st period - Snap shot by Brandon Gignac.
14:57 of 1st period - Shot Misses the Net.
14:59 of 1st period - Snap shot by Jonah Gadjovich.
14:59 of 1st period - Stopped by Dereck Baribeau without a rebound.
15:00 of 1st period - Alexandre Texier wins face-off versus Alex Steeves in Philadelphia Phantoms zone.
15:03 of 1st period - Slapshot by Parker Kelly.
15:03 of 1st period - Stopped by Dereck Baribeau without a rebound.
15:04 of 1st period - Alex Steeves wins face-off versus Alexandre Texier in Philadelphia Phantoms zone.
15:33 of 1st period - Snap shot by Alex Steeves.
15:33 of 1st period - Stopped by Matthew Villalta with a rebound.
16:42 of 1st period - Penalty to Nathan Bastian is over, Nathan Bastian is back on ice.
16:57 of 1st period - Brad Hunt is hit by Kody Clark and loses puck.
17:52 of 1st period - J.D. Greenway is hit by Mason Shaw and loses puck.
19:02 of 1st period - Snap shot by Tyson Foerster.
19:02 of 1st period - Stopped by Matthew Villalta with a rebound.
19:04 of 1st period - Snap shot by Tyson Foerster.
19:04 of 1st period - Shot Blocked by Philip Broberg.
19:13 of 1st period - Icing by Alexandre Texier.
19:14 of 1st period - Jaret Anderson-Dolan wins face-off versus Alexandre Texier in Cape Breton Oilers zone.
19:19 of 1st period - Snap shot by Jaret Anderson-Dolan.
19:19 of 1st period - Shot Blocked by Alexandre Texier.
19:21 of 1st period - Wrist shot by Nathan Bastian.
19:21 of 1st period - Stopped by Matthew Villalta with a rebound.
19:23 of 1st period - Wrist shot by Nathan Bastian.
19:23 of 1st period - Shot Blocked by Parker Kelly.
19:43 of 1st period - Snap shot by Brandon Gignac.
19:43 of 1st period - Stopped by Dereck Baribeau with a rebound.
19:45 of 1st period - Wrist shot by Brandon Gignac.
19:45 of 1st period - Shot Blocked by Brad Hunt.
Goals for this period are 2 for Philadelphia Phantoms vs 1 for Cape Breton Oilers.
Shots for this period are 16 for Philadelphia Phantoms vs 15 for Cape Breton Oilers.
2nd period
0:01 of 2nd period - Jack McBain wins face-off versus Alexandre Texier in neutral zone.
0:09 of 2nd period - Minor Penalty to Marcus Pettersson for Hooking.
0:10 of 2nd period - Jaret Anderson-Dolan wins face-off versus Carl Grundstrom in Cape Breton Oilers zone.
0:20 of 2nd period - Snap shot by Jaret Anderson-Dolan.
0:20 of 2nd period - Stopped by Matthew Villalta with a rebound.
0:22 of 2nd period - Snap shot by Jaret Anderson-Dolan.
0:22 of 2nd period - Goal by Jaret Anderson-Dolan - Philadelphia Phantoms : 3 - Cape Breton Oilers : 1.
0:23 of 2nd period - Alexandre Texier wins face-off versus Alex Steeves in neutral zone.
0:30 of 2nd period - Carl Grundstrom is hit by Matt Luff and loses puck.
0:42 of 2nd period - Icing by Kevin Bahl.
0:43 of 2nd period - Alexandre Texier wins face-off versus Jack McBain in Cape Breton Oilers zone.
0:52 of 2nd period - Snap shot by Carl Grundstrom.
0:52 of 2nd period - Goal by Carl Grundstrom - Philadelphia Phantoms : 3 - Cape Breton Oilers : 2.
0:53 of 2nd period - Brandon Gignac wins face-off versus Jaret Anderson-Dolan in neutral zone.
1:18 of 2nd period - Parker Kelly is hit by Jack McBain and loses puck.
1:27 of 2nd period - Casey Fitzgerald is hit by Alexandre Texier and loses puck.
1:39 of 2nd period - Minor Penalty to Will Cuylle for Holding.
1:40 of 2nd period - Mason Shaw wins face-off versus Alexandre Texier in Cape Breton Oilers zone.
2:03 of 2nd period - Kevin Bahl is hit by Tyson Foerster and loses puck.
2:20 of 2nd period - Snap shot by Mason Shaw.
2:20 of 2nd period - Stopped by Matthew Villalta with a rebound.
2:22 of 2nd period - Snap shot by Erik Gustafsson.
2:22 of 2nd period - Stopped by Matthew Villalta with a rebound.
2:24 of 2nd period - Snap shot by Tyson Foerster.
2:24 of 2nd period - Goal by Tyson Foerster - Philadelphia Phantoms : 4 - Cape Breton Oilers : 2.
2:25 of 2nd period - Alex Steeves wins face-off versus Alexey Toropchenko in neutral zone.
3:10 of 2nd period - Slapshot by Alexander Holtz.
3:10 of 2nd period - Stopped by Matthew Villalta with a rebound.
3:12 of 2nd period - Slapshot by Mason Shaw.
3:12 of 2nd period - Stopped by Matthew Villalta without a rebound.
3:13 of 2nd period - Mason Shaw wins face-off versus Alexandre Texier in Cape Breton Oilers zone.
4:02 of 2nd period - Wrist shot by Alex Steeves.
4:02 of 2nd period - Shot Blocked by Alexandre Texier.
4:06 of 2nd period - Snap shot by Alex Steeves.
4:06 of 2nd period - Shot Misses the Net.
4:08 of 2nd period - Wrist shot by Alex Steeves.
4:08 of 2nd period - Stopped by Matthew Villalta with a rebound.
4:18 of 2nd period - Wrist shot by Jack McBain.
4:18 of 2nd period - Deflect By Tyson Foerster.
4:18 of 2nd period - Shot Blocked by Jonah Gadjovich.
4:18 of 2nd period - Puck is out of play.
4:19 of 2nd period - Alexey Toropchenko wins face-off versus Jack McBain in Cape Breton Oilers zone.
4:50 of 2nd period - Icing by Jaret Anderson-Dolan.
4:51 of 2nd period - Jaret Anderson-Dolan wins face-off versus Carl Grundstrom in Philadelphia Phantoms zone.
5:31 of 2nd period - Snap shot by Jaret Anderson-Dolan.
5:31 of 2nd period - Shot Misses the Net.
5:33 of 2nd period - Slapshot by Casey Fitzgerald.
5:33 of 2nd period - Deflect By Kevin Bahl.
5:33 of 2nd period - Stopped by Matthew Villalta with a rebound.
5:35 of 2nd period - Slapshot by Casey Fitzgerald.
5:35 of 2nd period - Stopped by Matthew Villalta with a rebound.
5:55 of 2nd period - Snap shot by Jaret Anderson-Dolan.
5:55 of 2nd period - Shot Blocked by Marcus Pettersson.
5:57 of 2nd period - Slapshot by Casey Fitzgerald.
5:57 of 2nd period - Deflect By Nick Cousins.
5:57 of 2nd period - Shot Misses the Net.
5:57 of 2nd period - Puck is out of play.
5:58 of 2nd period - Alex Steeves wins face-off versus Kody Clark in Cape Breton Oilers zone.
6:31 of 2nd period - Snap shot by Jack McBain.
6:31 of 2nd period - Stopped by Matthew Villalta with a rebound.
7:21 of 2nd period - Alexey Toropchenko is hit by Mason Shaw and loses puck.
8:21 of 2nd period - Snap shot by Alexander Holtz.
8:21 of 2nd period - Shot Blocked by Marcus Pettersson.
8:23 of 2nd period - Snap shot by Brett Murray.
8:23 of 2nd period - Deflect By Mason Shaw.
8:23 of 2nd period - Deflect By J.D. Greenway.
8:23 of 2nd period - Goal by Mason Shaw - Philadelphia Phantoms : 5 - Cape Breton Oilers : 2.
8:24 of 2nd period - Jack McBain wins face-off versus Alexandre Texier in neutral zone.
9:43 of 2nd period - Icing by Kevin Bahl.
9:44 of 2nd period - Kody Clark wins face-off versus Ben McCartney in Cape Breton Oilers zone.
9:51 of 2nd period - Slapshot by Marcus Pettersson.
9:51 of 2nd period - Deflect By Hudson Fasching.
9:51 of 2nd period - Shot Misses the Net.
9:51 of 2nd period - Puck is out of play.
9:52 of 2nd period - Jack McBain wins face-off versus Alexandre Texier in Philadelphia Phantoms zone.
10:17 of 2nd period - Brett Murray is hit by Philip Broberg and loses puck.
11:07 of 2nd period - Wrist shot by Jack McBain.
11:07 of 2nd period - Stopped by Matthew Villalta with a rebound.
11:24 of 2nd period - Minor Penalty to Juuso Valimaki for Holding.
11:25 of 2nd period - Alex Steeves wins face-off versus Alexandre Texier in Philadelphia Phantoms zone.
12:35 of 2nd period - Alexandre Texier is hit by Casey Fitzgerald and loses puck.
13:24 of 2nd period - Penalty to Juuso Valimaki is over, Juuso Valimaki is back on ice.
13:39 of 2nd period - Slapshot by Hudson Fasching.
13:39 of 2nd period - Deflect By Kody Clark.
13:39 of 2nd period - Shot Blocked by William Borgen.
13:39 of 2nd period - Puck is out of play.
13:40 of 2nd period - Kody Clark wins face-off versus Mason Shaw in Philadelphia Phantoms zone.
13:41 of 2nd period - Slapshot by Hudson Fasching.
13:41 of 2nd period - Stopped by Dereck Baribeau with a rebound.
13:43 of 2nd period - Wrist shot by Kody Clark.
13:43 of 2nd period - Shot Blocked by Brett Murray.
13:45 of 2nd period - Slapshot by Dylan McIlrath.
13:45 of 2nd period - Stopped by Dereck Baribeau without a rebound.
13:46 of 2nd period - Mason Shaw wins face-off versus Kody Clark in Philadelphia Phantoms zone.
13:55 of 2nd period - Wrist shot by Hudson Fasching.
13:55 of 2nd period - Shot Misses the Net.
13:57 of 2nd period - Slapshot by Dylan McIlrath.
13:57 of 2nd period - Stopped by Dereck Baribeau with a rebound.
13:59 of 2nd period - Snap shot by Hudson Fasching.
13:59 of 2nd period - Stopped by Dereck Baribeau without a rebound.
14:00 of 2nd period - Alex Steeves wins face-off versus Alexandre Texier in Philadelphia Phantoms zone.
14:09 of 2nd period - Wrist shot by Matt Luff.
14:09 of 2nd period - Shot Misses the Net.
14:48 of 2nd period - Erik Gustafsson is hit by Marcus Pettersson and loses puck.
15:22 of 2nd period - Icing by Vladislav Kolyachonok.
15:23 of 2nd period - Alexandre Texier wins face-off versus Otto Koivula in Cape Breton Oilers zone.
15:28 of 2nd period - Snap shot by Otto Koivula.
15:28 of 2nd period - Shot Misses the Net.
15:30 of 2nd period - Slapshot by Otto Koivula.
15:30 of 2nd period - Goal by Otto Koivula - Philadelphia Phantoms : 6 - Cape Breton Oilers : 2.
15:31 of 2nd period - Alexandre Texier wins face-off versus Alex Steeves in neutral zone.
16:19 of 2nd period - Jonah Gadjovich is hit by Brett Murray and loses puck.
16:25 of 2nd period - Jonah Gadjovich and Brett Murray fight to a draw.
16:25 of 2nd period - Penalty to Jonah Gadjovich for Fighting.
16:25 of 2nd period - Penalty to Brett Murray for Fighting.
16:26 of 2nd period - Alexandre Texier wins face-off versus Mason Shaw in Cape Breton Oilers zone.
16:26 of 2nd period - Alexandre Texier is hit by Erik Gustafsson.
17:02 of 2nd period - Snap shot by Hudson Fasching.
17:02 of 2nd period - Shot Blocked by Brad Hunt.
17:04 of 2nd period - Snap shot by Will Cuylle.
17:04 of 2nd period - Shot Misses the Net.
17:16 of 2nd period - Icing by Otto Koivula.
17:17 of 2nd period - Alex Steeves wins face-off versus Brandon Gignac in Philadelphia Phantoms zone.
17:17 of 2nd period - Alex Steeves is hit by Leon Gawanke.
17:27 of 2nd period - Wrist shot by Brandon Gignac.
17:27 of 2nd period - Stopped by Dereck Baribeau with a rebound.
17:29 of 2nd period - Slapshot by Alexey Toropchenko.
17:29 of 2nd period - Stopped by Dereck Baribeau with a rebound.
17:31 of 2nd period - Snap shot by Alexey Toropchenko.
17:31 of 2nd period - Shot Blocked by Brad Hunt.
17:35 of 2nd period - Slapshot by Brandon Gignac.
17:35 of 2nd period - Stopped by Dereck Baribeau with a rebound.
17:37 of 2nd period - Wrist shot by Dylan McIlrath.
17:37 of 2nd period - Shot Misses the Net.
17:45 of 2nd period - Wrist shot by Brandon Gignac.
17:45 of 2nd period - Shot Misses the Net.
17:47 of 2nd period - Slapshot by Leon Gawanke.
17:47 of 2nd period - Shot Misses the Net.
17:55 of 2nd period - Snap shot by Alexey Toropchenko.
17:55 of 2nd period - Stopped by Dereck Baribeau without a rebound.
17:56 of 2nd period - Jaret Anderson-Dolan wins face-off versus Alexandre Texier in Philadelphia Phantoms zone.
17:58 of 2nd period - Minor Penalty to Jaret Anderson-Dolan for Roughing.
17:59 of 2nd period - Alex Steeves wins face-off versus Alexandre Texier in Philadelphia Phantoms zone.
18:11 of 2nd period - Snap shot by Jack McBain.
18:11 of 2nd period - Stopped by Matthew Villalta without a rebound.
18:12 of 2nd period - Alex Steeves wins face-off versus Brandon Gignac in Cape Breton Oilers zone.
18:13 of 2nd period - Snap shot by Otto Koivula.
18:13 of 2nd period - Shot Misses the Net.
18:20 of 2nd period - Off-side.
18:21 of 2nd period - Brandon Gignac wins face-off versus Alex Steeves in neutral zone.
18:24 of 2nd period - Slapshot by Alexey Toropchenko.
18:24 of 2nd period - Shot Blocked by William Borgen.
18:26 of 2nd period - Slapshot by Philip Broberg.
18:26 of 2nd period - Stopped by Dereck Baribeau without a rebound.
18:27 of 2nd period - Alex Steeves wins face-off versus Alexandre Texier in Philadelphia Phantoms zone.
18:32 of 2nd period - Wrist shot by Otto Koivula.
18:32 of 2nd period - Stopped by Matthew Villalta with a rebound.
19:01 of 2nd period - Wrist shot by Carl Grundstrom.
19:01 of 2nd period - Shot Misses the Net.
19:11 of 2nd period - Slapshot by Parker Kelly.
19:11 of 2nd period - Stopped by Dereck Baribeau with a rebound.
19:13 of 2nd period - Slapshot by Vladislav Kolyachonok.
19:13 of 2nd period - Stopped by Dereck Baribeau without a rebound.
19:14 of 2nd period - Luke Evangelista wins face-off versus Alex Steeves in Philadelphia Phantoms zone.
19:17 of 2nd period - Slapshot by Marcus Pettersson.
19:17 of 2nd period - Shot Blocked by William Borgen.
19:19 of 2nd period - Snap shot by Alexey Toropchenko.
19:19 of 2nd period - Stopped by Dereck Baribeau without a rebound.
19:20 of 2nd period - Alex Steeves wins face-off versus Brandon Gignac in Philadelphia Phantoms zone.
19:35 of 2nd period - Matt Luff is hit by Kevin Bahl and loses puck.
19:58 of 2nd period - Penalty to Jaret Anderson-Dolan is over, Jaret Anderson-Dolan is back on ice.
Goals for this period are 4 for Philadelphia Phantoms vs 1 for Cape Breton Oilers.
Shots for this period are 16 for Philadelphia Phantoms vs 13 for Cape Breton Oilers.
3rd period
0:01 of 3rd period - Jack McBain wins face-off versus Parker Kelly in neutral zone.
0:27 of 3rd period - Minor Penalty to Kevin Bahl for High sticking.
0:28 of 3rd period - Jaret Anderson-Dolan wins face-off versus Carl Grundstrom in Cape Breton Oilers zone.
0:31 of 3rd period - Snap shot by Nick Cousins.
0:31 of 3rd period - Stopped by Matthew Villalta without a rebound.
0:32 of 3rd period - Carl Grundstrom wins face-off versus Jaret Anderson-Dolan in Cape Breton Oilers zone.
1:00 of 3rd period - Snap shot by Alexander Holtz.
1:00 of 3rd period - Stopped by Matthew Villalta without a rebound.
1:01 of 3rd period - Mason Shaw wins face-off versus Carl Grundstrom in Cape Breton Oilers zone.
1:25 of 3rd period - Penalty to Jonah Gadjovich is over, Jonah Gadjovich is back on ice.
1:35 of 3rd period - Wrist shot by Nick Cousins.
1:35 of 3rd period - Deflect By Philip Broberg.
1:35 of 3rd period - Shot Misses the Net.
1:35 of 3rd period - Puck is out of play.
1:36 of 3rd period - Carl Grundstrom wins face-off versus Mason Shaw in Cape Breton Oilers zone.
1:49 of 3rd period - Slapshot by Alexey Toropchenko.
1:49 of 3rd period - Stopped by Dereck Baribeau with a rebound.
2:27 of 3rd period - Penalty to Kevin Bahl is over, Kevin Bahl is back on ice.
3:00 of 3rd period - Wrist shot by Matt Luff.
3:00 of 3rd period - Goal by Matt Luff - Philadelphia Phantoms : 7 - Cape Breton Oilers : 2.
3:01 of 3rd period - Jaret Anderson-Dolan wins face-off versus Alexandre Texier in neutral zone.
3:04 of 3rd period - Carl Grundstrom is hit by Nick Cousins and loses puck.
4:26 of 3rd period - Snap shot by Ben McCartney.
4:26 of 3rd period - Shot Misses the Net.
4:28 of 3rd period - Minor Penalty to Parker Kelly for Hooking.
4:29 of 3rd period - Carl Grundstrom wins face-off versus Jaret Anderson-Dolan in Cape Breton Oilers zone.
4:29 of 3rd period - Carl Grundstrom is hit by Nathan Bastian.
6:28 of 3rd period - Penalty to Parker Kelly is over, Parker Kelly is back on ice.
6:57 of 3rd period - Wrist shot by Ben McCartney.
6:57 of 3rd period - Stopped by Matthew Villalta with a rebound.
8:58 of 3rd period - Dylan McIlrath is hit by Casey Fitzgerald and loses puck.
9:48 of 3rd period - Carl Grundstrom is hit by Tyson Foerster and loses puck.
9:56 of 3rd period - Icing by Carl Grundstrom.
9:57 of 3rd period - Alexandre Texier wins face-off versus Mason Shaw in Cape Breton Oilers zone.
10:10 of 3rd period - Brett Murray is hit by Brandon Gignac and loses puck.
10:23 of 3rd period - Kody Clark is hit by Alex Steeves and loses puck.
10:48 of 3rd period - Snap shot by Jaret Anderson-Dolan.
10:48 of 3rd period - Stopped by Matthew Villalta with a rebound.
11:17 of 3rd period - Brett Murray is hit by Jonah Gadjovich.
11:52 of 3rd period - Parker Kelly beats up Nick Cousins.
11:52 of 3rd period - Penalty to Parker Kelly for Fighting.
11:52 of 3rd period - Penalty to Nick Cousins for Fighting.
11:53 of 3rd period - Jaret Anderson-Dolan wins face-off versus Brandon Gignac in Cape Breton Oilers zone.
12:02 of 3rd period - Slapshot by Jaret Anderson-Dolan.
12:02 of 3rd period - Shot Misses the Net.
12:20 of 3rd period - Alexander Holtz is hit by Alexandre Texier and loses puck.
12:27 of 3rd period - Slapshot by Erik Gustafsson.
12:27 of 3rd period - Shot Blocked by Philip Broberg.
12:29 of 3rd period - Slapshot by Derrick Pouliot.
12:29 of 3rd period - Stopped by Matthew Villalta without a rebound.
12:30 of 3rd period - Alexandre Texier wins face-off versus Alex Steeves in Cape Breton Oilers zone.
12:59 of 3rd period - Nathan Bastian beats up Jonah Gadjovich.
12:59 of 3rd period - Penalty to Jonah Gadjovich for Fighting.
12:59 of 3rd period - Penalty to Nathan Bastian for Fighting.
13:00 of 3rd period - Alexandre Texier wins face-off versus Jaret Anderson-Dolan in neutral zone.
13:07 of 3rd period - Slapshot by Marcus Pettersson.
13:07 of 3rd period - Shot Blocked by Jack McBain.
13:09 of 3rd period - Snap shot by Alexandre Texier.
13:09 of 3rd period - Shot Blocked by Jack McBain.
13:15 of 3rd period - Wrist shot by Alexandre Texier.
13:15 of 3rd period - Goal by Alexandre Texier - Philadelphia Phantoms : 7 - Cape Breton Oilers : 3.
13:16 of 3rd period - Mason Shaw wins face-off versus Brandon Gignac in neutral zone.
13:43 of 3rd period - Jack McBain is hit by Alexandre Texier.
15:31 of 3rd period - Will Cuylle is hit by Erik Gustafsson and loses puck.
16:41 of 3rd period - Icing by Brett Murray.
16:42 of 3rd period - Jaret Anderson-Dolan wins face-off versus Luke Evangelista in Philadelphia Phantoms zone.
16:42 of 3rd period - Jaret Anderson-Dolan is hit by Max Jones.
17:44 of 3rd period - Icing by Dylan McIlrath.
17:45 of 3rd period - Jaret Anderson-Dolan wins face-off versus Kody Clark in Cape Breton Oilers zone.
17:46 of 3rd period - Snap shot by Nick Cousins.
17:46 of 3rd period - Goal by Nick Cousins - Philadelphia Phantoms : 8 - Cape Breton Oilers : 3.
17:47 of 3rd period - Otto Koivula wins face-off versus Max Jones in neutral zone.
17:58 of 3rd period - Wrist shot by Marcus Pettersson.
17:58 of 3rd period - Deflect By Erik Gustafsson.
17:58 of 3rd period - Stopped by Dereck Baribeau without a rebound.
17:59 of 3rd period - Alexey Toropchenko wins face-off versus Brett Murray in Philadelphia Phantoms zone.
18:00 of 3rd period - Snap shot by Jonah Gadjovich.
18:00 of 3rd period - Shot Blocked by Erik Gustafsson.
18:24 of 3rd period - Otto Koivula is hit by Kody Clark and loses puck.
18:33 of 3rd period - Slapshot by Erik Gustafsson.
18:33 of 3rd period - Deflect By Kevin Bahl.
18:33 of 3rd period - Stopped by Matthew Villalta with a rebound.
18:45 of 3rd period - Backhand shot by Hudson Fasching.
18:45 of 3rd period - Shot Misses the Net.
19:05 of 3rd period - Nick Cousins is hit by Parker Kelly.
19:14 of 3rd period - Juuso Valimaki is hit by Vladislav Kolyachonok and loses puck.
19:22 of 3rd period - Icing by Casey Fitzgerald.
19:23 of 3rd period - Brandon Gignac wins face-off versus Mason Shaw in Philadelphia Phantoms zone.
19:56 of 3rd period - Snap shot by Hudson Fasching.
19:56 of 3rd period - Stopped by Dereck Baribeau without a rebound.
19:57 of 3rd period - Ben McCartney wins face-off versus Kody Clark in Philadelphia Phantoms zone.
Goals for this period are 2 for Philadelphia Phantoms vs 1 for Cape Breton Oilers.
Shots for this period are 8 for Philadelphia Phantoms vs 4 for Cape Breton Oilers.
Back to the Top